 Dungeon Crawl Stone Soup version 0.28-a0-823-gb444dcf96d (webtiles) character file.

Game seed: 17978989772332682723

3155 Numberrock2 the Ducker (level 9, -16/88 HPs)
             Began as a Troll Berserker on Nov 9, 2021.
             Was an Initiate of the Shining One.
             Killed from afar by a gargoyle (27 damage)
             ... with a stone arrow
             ... on level 8 of the Dungeon.
             The game lasted 00:37:48 (10528 turns).

Numberrock2 the Ducker (Troll Berserker)           Turns: 10528, Time: 00:37:49

Health: -16/88     AC:  8    Str: 25 (29) XL:     9   Next: 62%
Magic:  8/8        EV: 11    Int:  4      God:    the Shining One [......]
Gold:   401        SH:  5    Dex:  9      Spells: 8/8 levels left

rFire   + + .      SeeInvis +   o - +3 short sword (holy)
rCold   + . .      Faith    .   (no shield)
rNeg    . . .      Spirit   .   c - +2 robe {rC+ rF+}
rPois   .          Reflect  +   (helmet restricted)
rElec   .          Harm     .   n - +1 cloak
rCorr   .          Rampage  .   (gloves unavailable)
Will    .....                   (boots unavailable)
Stlth   +.........              s - amulet of reflection
HPRegen 1.24/turn               b - ring of see invisible
MPRegen 0.11/turn               t - ring of protection from fire

@: glowing
A: large, unfitting armour, claws 3, regeneration 1, shaggy fur 1, tough skin 1
a: Renounce Religion


You were on level 8 of the Dungeon.
You worshipped the Shining One.
The Shining One was noncommittal.
You visited 1 branch of the dungeon, and saw 8 of its levels.

You collected 401 gold pieces.

Inventory:

Hand Weapons
 d - a +2 quarterstaff of chaos
 e - the +5 flail "Joceexem" {venom, *Noise rF++ Will+ SInv}
   (You took it off a centaur on level 5 of the Dungeon)

   It poisons the flesh of those it strikes.
   rF:        It greatly protects you from fire.
   SInv:      It lets you see invisible.
   *Noise:    It may make noises in combat.
   Will:      It increases your willpower.
 k - a +1 dire flail of draining
 o - a +3 short sword of holy wrath (weapon)
Missiles
 g - 39 sling bullets
 l - 167 stones (quivered)
 m - 209 arrows
Armour
 a - a +0 animal skin
 c - a +2 robe of resistance (worn)
 f - a +2 scale mail of cold resistance
 h - the +1 pair of gloves of Hysteria {Will++ Str-5}
   (You found it on level 5 of the Dungeon)

   Str:       It affects your strength (-5).
   Will:      It greatly increases your willpower.
 n - a +1 cloak (worn)
 B - a scarf of harm
Jewellery
 b - a ring of see invisible (left claw)
 s - an amulet of reflection (around neck)
 t - a ring of protection from fire (right claw)
Wands
 x - a wand of acid (7)
Scrolls
 i - 2 scrolls of identify
 r - a scroll of torment {unknown}
 y - a scroll of brand weapon {unknown}
Potions
 j - a potion of magic
 u - a potion of invisibility
 v - a potion of brilliance
 A - a potion of cancellation


   Skills:
 + Level 5.1 Fighting
 + Level 6.1 Short Blades
 + Level 0.8(1.2) Maces & Flails
 + Level 1.1(1.3) Staves
 + Level 6.6 Dodging
 + Level 1.6 Stealth
 + Level 2.9 Shields
 + Level 5.0 Unarmed Combat


You had 8 spell levels left.
You didn't know any spells.
Your spell library contained the following spells:

 Spells                   Type           Power      Damage    Failure   Level
 Passwall                 Tmut/Erth      0%         N/A       65%         2
 Static Discharge         Conj/Air       0%         N/A       65%         2
 Swiftness                Air            0%         N/A       86%         3
 Animate Dead             Necr           0%         N/A       99%         4
 Lightning Bolt           Conj/Air       0%         1d11      100%        5
 Invisibility             Hex            0%         N/A       100%        6
 Haunt                    Necr/Summ      0%         N/A       100%        7
 Infestation              Necr           0%         N/A       100%        8
 Maxwell's Capacitive Co  Air            0%         ∞         100%        8


Dungeon Overview and Level Annotations

Branches:
Dungeon (8/15)             Temple (0/1) D:7
   Lair: D:8-11

Altars:
Hepliaklqana
Trog
Yredelemnul
The Shining One

Shops:
D:7 =


Innate Abilities, Weirdness & Mutations

You are too large for most types of armour.
You have claws for hands.
Your natural rate of healing is unusually fast.
You are covered in fur. (AC +1)
You have tough skin. (AC +1)


Message History

You are no longer poisoned.
You start resting.
HP restored.
You start waiting.
Trog hurls fiery rage upon you!
The fireball explodes!
The fireball engulfs you. You resist.
You start resting.
HP restored.
You see here a killer bee corpse.
A gargoyle comes into view. It is wielding a +0 mace.
The gargoyle hurls a stone arrow at you.
The stone arrow hits you!!
The gargoyle hurls a stone arrow at you.
The stone arrow hits you!! You block the gargoyle's attack.
You hit the gargoyle but do no damage. The gargoyle hits you with a +0 mace!
You hit the gargoyle.
The gargoyle is lightly damaged.
The gargoyle hurls a stone arrow at you.
The stone arrow hits you!
You hit the gargoyle but do no damage.
The gargoyle is lightly damaged.
The gargoyle hits you with a +0 mace!!
* * * LOW HITPOINT WARNING * * *
You hit the gargoyle.
The gargoyle is moderately damaged.
You hit the gargoyle but do no damage.
The gargoyle is moderately damaged.
The gargoyle closely misses you.
You hit the gargoyle but do no damage.
The gargoyle is moderately damaged.
The gargoyle hits you with a +0 mace!
* * * LOW HITPOINT WARNING * * *
You barely miss the gargoyle.
The gargoyle is moderately damaged.
The gargoyle barely misses you.
A manticore comes into view.
The gargoyle hurls a stone arrow at you.
The stone arrow hits you!!
You die...

#.. .....#####...##.#... # ..#
#.# #.#........####...## #
...###.# #..#.###..##......## #
#... ..# #.#.# ##....####... #..#
#.# #...####..#..## ##. #..#
#.#####.......###..####. #
#..###.##......÷..#####y.y.y.
#####...##.##............#######.
..........†##...@.....##..##.....
..###...H.....9..............#...
..# #(...#.#..........####.###...
..# #....#.##............#.......
..###....#.####..#.#####.........
.....)#....####..#...#####.......
#####)##...##....##..............
# #.##.[.......#..##........... #
###.###..#...###.###.......##..


You could see a gargoyle.

Vanquished Creatures
  The ghost of NigelTetley the Magician, a novice DECj (D:6)
  Menkaure (D:5)
  Edmund (D:5)
  A water moccasin (D:6)
  2 black bears
  2 necrophages
  2 centaurs
  A phantom (D:6)
  A bullfrog (D:8)
  A gnoll sergeant (D:5)
  A wyvern zombie (D:7)
  A water moccasin zombie (D:5)
  4 scorpions
  A wyvern skeleton (D:7)
  4 killer bees (D:8)
  3 howler monkeys
  2 bullfrog zombies (D:5)
  A centaur zombie (D:7)
  7 hounds
  A centaur skeleton (D:7)
  3 orc priests
  Crazy Yiuf (D:3)
  Jessica (D:3)
  5 orc wizards
  6 iguanas
  A killer bee zombie (D:7)
  2 hound zombies (D:5)
  2 howler monkey zombies
  8 adders
  6 gnolls
  A shadow imp (D:5)
  2 white imps
  4 dart slugs
  3 worms
  22 orcs
  5 ball pythons
  7 endoplasms
  2 giant cockroaches
  8 goblins
  8 hobgoblins
  4 kobolds
  7 quokkas
  4 bats
  2 frilled lizards (D:3)
  2 giant cockroach zombies (D:3)
  4 rats
158 creatures vanquished.

Vanquished Creatures (others)
  3 fungi (D:3)
3 creatures vanquished.

Grand Total: 161 creatures vanquished

Notes
Turn   | Place    | Note
-------+----------+-------------------------------------------
     0 | D:1      | Numberrock2 the Troll Berserker began the quest for the
                  | Orb.
     0 | D:1      | Reached XP level 1. HP: 22/22 MP: 0/0
   109 | D:1      | Reached XP level 2. HP: 29/29 MP: 1/1
   115 | D:1      | Found a faded altar of an unknown god.
  1193 | D:2      | Found a hazy altar of Hepliaklqana.
  1195 | D:2      | Noticed a scorpion
  1206 | D:2      | Killed a scorpion
  1207 | D:2      | Reached XP level 3. HP: 32/37 MP: 2/2
  1207 | D:2      | Reached XP level 4. HP: 40/45 MP: 3/3
  2788 | D:3      | Reached ** piety under Trog
  2791 | D:3      | Found a basalt altar of Yredelemnul.
  2870 | D:3      | Reached XP level 5. HP: 30/53 MP: 4/4
  3337 | D:3      | Found a bloodstained altar of Trog.
  3503 | D:3      | Noticed Jessica
  3509 | D:3      | Killed Jessica
  4123 | D:3      | Found a runed translucent door.
  4124 | D:3      | Noticed Crazy Yiuf
  4138 | D:3      | HP: 1/51 [Crazy Yiuf/puff of flame (3)]
  5087 | D:3      | Killed Crazy Yiuf
  5088 | D:3      | Reached skill level 5 in Unarmed Combat
  5088 | D:3      | Reached XP level 6. HP: 59/60 MP: 5/5
  6022 | D:4      | Reached skill level 1 in Short Blades
  6022 | D:4      | Reached skill level 1 in Staves
  6022 | D:4      | Reached skill level 1 in Stealth
  6269 | D:4      | Reached *** piety under Trog
  6512 | D:5      | Entered Level 5 of the Dungeon
  6674 | D:5      | Reached XP level 7. HP: 58/67 MP: 6/6
  6801 | D:5      | Identified the +1 pair of gloves of Hysteria {Will++ Str-5}
  6929 | D:5      | Noticed Edmund
  7005 | D:5      | Killed Edmund
  7202 | D:5      | Noticed Menkaure
  7550 | D:5      | Reached XP level 8. HP: 71/78 MP: 7/7
  7577 | D:5      | Identified the +5 flail "Joceexem" {venom, *Noise rF++
                  | Will+ SInv}
  7690 | D:5      | Lost intelligence.
  7734 | D:5      | Reached skill level 5 in Dodging
  7744 | D:5      | Reached skill level 1 in Shields
  7968 | D:5      | Reached **** piety under Trog
  8138 | D:5      | Killed Menkaure
  8664 | D:6      | Found a runed translucent door.
  8670 | D:6      | Noticed NigelTetley's ghost (novice DECj)
  8795 | D:6      | Killed NigelTetley's ghost
  8796 | D:6      | Reached skill level 5 in Short Blades
  8796 | D:6      | Reached XP level 9. HP: 73/85 MP: 8/8
  8998 | D:7      | Found Midatz's Jewellery Emporium.
  9330 | D:7      | Found a glowing golden altar of the Shining One.
  9381 | D:7      | Found a staircase to the Ecumenical Temple.
  9847 | D:7      | Fell from the grace of Trog
  9847 | D:7      | Became a worshipper of the Shining One
 10013 | D:8      | Reached skill level 5 in Fighting
 10290 | D:8      | HP: 4/88 [poisoned by a killer bee]
 10510 | D:8      | Noticed a gargoyle
 10527 | D:8      | Noticed a manticore
 10528 | D:8      | Killed from afar by a gargoyle

Illustrated notes

Levels and vault maps discovered:
D:1:      nagdon_arrival_double_spiral, layout_basic, basic_ecumenical_altar,
          st_stairs_9
D:2:      layout_basic, basic_altar, grunt_ministairs_4
D:3:      layout_basic, lemuel_zombie_altar_yredelemnul, trog_butcher_becter,
          grunt_ministairs_5, uniq_jessica, uniq_crazy_yiuf_cottage
D:4:      layout_basic
D:5:      kennysheep_windowed_halls, layout_basic, uniq_edmund, uniq_menkaure
D:6:      layout_rooms, ebering_ghost_reflecting_pool
D:7:      wander_river, layout_rooms, nicolae_tso_swordbearing_angel,
          minmay_temple_entry_statues_pillars, serial_shops, shop
D:8:      minmay_blocky_corners, layout_rooms

Skill      XL: |  1  2  3  4  5  6  7  8  9 |
---------------+----------------------------+-----
Fighting       | 3 4 5 |  5.1
Dodging        | 3 4 6 |  6.6
Unarmed Combat | 4 5 |  5.0
Short Blades   | 1 3 5 6 |  6.1
Staves         | 1 |  1.1
Stealth        | 1 |  1.6
Shields        | 2 |  2.9
Maces & Flails | |  0.8

Action                   |  1- 3 |  4- 6 |  7- 9 || total
-------------------------+-------+-------+-------++-------
Melee: Unarmed           |    42 |    90 |       ||   132
       Punch             |     1 |     5 |    11 ||    17
       Short sword       |       |   117 |   407 ||   524
       Quarterstaff      |       |    32 |       ||    32
       Flail             |       |       |    13 ||    13
Evoke: Wand              |       |     1 |       ||     1
  Use: Potion            |       |     9 |     7 ||    16
       Scroll            |       |     4 |     5 ||     9
 Stab: Sleeping          |       |     1 |       ||     1
Armor: Animal skin       |    12 |    58 |       ||    70
       Skin              |       |     2 |       ||     2
       Robe              |       |    36 |   218 ||   254
Dodge: Dodged            |    27 |   160 |   260 ||   447
Block: Other             |       |       |   115 ||   115
       Reflection        |       |       |     1 ||     1

Table legend: (Time is in decaauts)
 A = Elapsed time spent in this place.
 B = Non-inter-level travel time spent in this place.
 C = Inter-level travel time spent in this place.
 D = Time resting spent in this place.
 E = Time spent auto-exploring this place.
 F = Levels seen in this place.
 G = Mean time per level.
                   A        B        C        D        E       F      G
               +--------+--------+--------+--------+--------+-----+--------+
         Total |  10536 |   8789 |   1747 |   2396 |   2989 |   8 | 1317.0 |
       Dungeon |  10536 |   8789 |   1747 |   2396 |   2989 |   8 | 1317.0 |
               +--------+--------+--------+--------+--------+-----+--------+

Top non-repeatable levels by time:
     D:2: 2345 daAuts
     D:3: 1921 daAuts
     D:5: 1794 daAuts
     D:1: 1142 daAuts
     D:4: 1120 daAuts
     D:7: 996 daAuts
     D:6: 709 daAuts
     D:8: 505 daAuts
